 Dungeon Sprint DCSS version 0.23-a0-82-gdf0b57c211 (webtiles) character file.

471 PikkenKukken the Prestidigitator (level 6, 0/62 HPs)
             Began as a Deep Dwarf Artificer on Aug 13, 2018.
             Was an Initiate of Makhleb.
             Slain by a red devil
             ... wielding a +0 trident
             ... summoned by a kobold demonologist
              (8 damage)
             ... while paralysed by a floating eye
             ... in the Dungeon (Sprint I: "Red Sonja").
             The game lasted 00:03:36 (513 turns).

PikkenKukken the Prestidigitator (DDAr)              Turns: 513, Time: 00:03:37

Health: 0/62       AC:  7    Str: 16    XL:     6   Next: 83%
Magic:  12/12      EV:  2    Int: 11    God:    Makhleb [......]
Gold:   418        SH:  0    Dex: 15    Spells: 5/5 levels left

rFire    . . .     SeeInvis .   a - +0 short sword
rCold    + . .     Gourm    .   (no shield)
rNeg     . . .     Faith    .   n - +1 scale mail {rC+}
rPois    .         Spirit   .   (no helmet)
rElec    .         Reflect  .   (no cloak)
rCorr    .         Harm     .   (no gloves)
MR       .....     NoTele   +   (no boots)
Stlth    +++.......             (no amulet)
HPRegen  0.00/turn              (no ring)
MPRegen  0.13/turn              (no ring)

@: paralysed, berserk cooldown, non-regenerating
A: damage resistance, heal wounds, sense surroundings 1, no regeneration
a: Heal Wounds, Renounce Religion


You were in the Dungeon.
You worshipped Makhleb.
Makhleb was noncommittal.
You were not hungry.

You visited 1 branch You collected 418 gold pieces.

Inventory:

Hand Weapons
 a - a +0 short sword (weapon)
Armour
 b - a +0 leather armour
 n - a +1 scale mail of cold resistance (worn)
Wands
 c - a wand of flame (8)
 d - a wand of enslavement (15)
 e - a wand of random effects (10)
 m - a wand of digging (5)
Scrolls
 l - a scroll of blinking
Potions
 g - a potion of curing
 h - a potion of heal wounds
 i - a potion of haste
 j - 2 potions of magic
Comestibles
 f - a ration


   Skills:
 + Level 6.0 Fighting
 + Level 6.0 Short Blades
 + Level 7.5 Dodging
 + Level 8.6 Stealth
 + Level 9.5 Evocations


You had 5 spell levels left.
You didn't know any spells.
Your spell library was empty.

Dungeon Overview and Level Annotations

Branches:
Dungeon (1/1)

Altars:
Cheibriados
Dithmenos
Elyvilon
Fedhas
Gozag
Hepliaklqana
Kikubaaqudgha
Makhleb
Nemelex Xobeh
Okawaru
Qazlal
Ru
Sif Muna
Trog
Uskayaw
Vehumet
Wu Jian
Xom
Yredelemnul
Zin
The Shining One
Jiyva
Lugonu

Shops:
D !


Innate Abilities, Weirdness & Mutations

You are resistant to damage.
You can heal yourself by infusing magical energy.
You passively map a small area around you.
You do not regenerate.


Message History

The crimson imp puffs mist at you. The crimson imp hits you.
The kobold demonologist hits you but does no damage. x2
The red devil barely misses you.
The crimson imp hits you but does no damage.
The kobold demonologist hits you but does no damage.
The kobold demonologist mumbles some strange words.
The crimson imp blinks!
The red devil hits you from afar with a trident.
The crimson imp hits you but does no damage.
The kobold demonologist hits you but does no damage.
The kobold demonologist miscasts a cantrip.
The crimson imp blinks!
The red devil hits you from afar with a trident!
* * * LOW HITPOINT WARNING * * *
The crimson imp hits you but does no damage.
The kobold demonologist hits you but does no damage.
The kobold demonologist gestures wildly while chanting.
The red devil hits you from afar with a trident!
You die...

####* ##############*
* ').# +..#__#.55@K5#
, #..+ #..'..'..#KG5#
*
#.+#####'#__####554+,
#÷.#...#[####§§#####
#.##..##.#≈≈§.c# **
___##'#_.+§§§§§+ * ,
∩...'..._#≈§≈§c* * ,
.__##_.#+##+## , *
___###+# , * ***


You could see 2 kobold demonologists, a red devil, a floating eye, an iron imp,
2 quasits, 2 crimson imps and a shadow imp.

Vanquished Creatures
  A slime creature (D)
  A yak (D)
  An ogre (D)
  A jelly (D)
  Ijyb (D)
5 creatures vanquished.

Notes
Turn   | Place    | Note
-------+----------+-------------------------------------------
     0 | D        | PikkenKukken the Deep Dwarf Artificer began the quest for the Orb.
     0 | D        | Reached XP level 1. HP: 16/16 MP: 3/3
     2 | D        | Noticed Ijyb
    37 | D        | Killed Ijyb
    37 | D        | Reached skill level 5 in Evocations
    37 | D        | Reached XP level 2. HP: 21/26 MP: 3/5
   162 | D        | Noticed an ogre
   173 | D        | Killed an ogre
   173 | D        | Reached skill level 5 in Stealth
   173 | D        | Reached skill level 6 in Evocations
   173 | D        | Reached XP level 3. HP: 13/36 MP: 5/7
   173 | D        | Reached XP level 4. HP: 17/44 MP: 6/9
   178 | D        | Noticed a yak
   178 | D        | Found a blossoming altar of Fedhas.
   178 | D        | Found a stormy altar of Qazlal.
   178 | D        | Found a bloodstained altar of Trog.
   178 | D        | Found Kawk's Distillery.
   178 | D        | Found a hide-covered altar of Uskayaw.
   178 | D        | Found a hazy altar of Hepliaklqana.
   178 | D        | Found an opulent altar of Gozag.
   178 | D        | Found a sparkling altar of Nemelex Xobeh.
   178 | D        | Found a snail-covered altar of Cheibriados.
   178 | D        | Found a sacrificial altar of Ru.
   183 | D        | Killed a yak
   183 | D        | Reached skill level 8 in Evocations
   183 | D        | Reached XP level 5. HP: 49/51 MP: 7/11
   185 | D        | Found a basalt altar of Yredelemnul.
   185 | D        | Found a shadowy altar of Dithmenos.
   187 | D        | Found an iron altar of Okawaru.
   187 | D        | Found an ancient bone altar of Kikubaaqudgha.
   192 | D        | Found a glowing golden altar of the Shining One.
   193 | D        | Found a glowing silver altar of Zin.
   193 | D        | Found a white marble altar of Elyvilon.
   197 | D        | Found a deep blue altar of Sif Muna.
   197 | D        | Found a radiant altar of Vehumet.
   197 | D        | Found an ornate altar of the Wu Jian Council.
   206 | D        | Reached skill level 5 in Fighting
   206 | D        | Reached skill level 5 in Short Blades
   206 | D        | Reached XP level 6. HP: 57/61 MP: 9/12
   248 | D        | Noticed a centaur warrior
   248 | D        | Noticed a centaur warrior
   264 | D        | Found a burning altar of Makhleb.
   264 | D        | Found a viscous altar of Jiyva.
   264 | D        | Found a shimmering altar of Xom.
   264 | D        | Found a corrupted altar of Lugonu.
   264 | D        | Noticed a slime creature
   476 | D        | Killed a slime creature
   476 | D        | Reached skill level 9 in Evocations
   481 | D        | Became a worshipper of Makhleb the Destroyer
   499 | D        | Noticed a kobold demonologist
   499 | D        | Noticed a floating eye
   500 | D        | Noticed a kobold demonologist
   502 | D        | Noticed a red devil
   503 | D        | Paralysed by a floating eye for 4 turns
   510 | D        | Paralysed by a floating eye for 4 turns
   513 | D        | Slain by a red devil

Vault maps used:
D:        dungeon_sprint_1

Skill      XL: |  1  2  3  4  5  6 |
---------------+-------------------+-----
Fighting       | 2 3 4 5 6 |  6.0
Short Blades   | 2 3 4 5 6 |  6.0
Dodging        | 3 4 6 7 |  7.5
Stealth        | 3 5 7 8 |  8.6
Evocations     | 5 6 8 9 |  9.5

Action                   |  1- 3 |  4- 6 || total
-------------------------+-------+-------++-------
Melee: Short sword       |    43 |    14 ||    57
 Abil: Heal Wounds       |       |     2 ||     2
Evoke: Wand              |     3 |    10 ||    13
  Use: Potion            |       |     1 ||     1
 Stab: Confused          |       |     1 ||     1
Armor: Leather armour    |     4 |       ||     4
       Scale mail        |       |    16 ||    16
Dodge: Dodged            |    24 |     5 ||    29

Table legend:
 A = Non-vault XP
 B = Vault XP
 C = Vault XP percentage of total XP
 D = Non-vault monster count
 E = Vault monster count
 F = Vault count percentage of total count
 G = Total turns spent on level
                 A         B        C        D         E       F
            +---------+---------+-------+---------+---------+-------
      Total |       0 |     673 | 100.0 |       0 |       5 | 100.0
            +---------+---------+-------+---------+---------+-------
          D |       0 |     673 | 100.0 |       0 |       5 | 100.0
            +---------+---------+-------+---------+---------+-------
